Map: Persephone LE

Players

BabyMarine - Winner!

  • Race: Terran Terran
  • Spawn Location: 7:00

Jumy (ForJumy)

  • Race: Protoss Protoss
  • League: Grandmaster
  • Spawn Location: 11:00

Event: HomeStory Cup XXVII

VOD

Have the link to the VOD?

Description

Time

  • Played on: June 27, 2025, 10:21 a.m.
  • Length: 12:10

All games in this series

Show
View Real Time Build Order
Export as new Build Order

BabyMarine Terran - Winner!

Build Orders: Cyclone Opening 

Get SALT Encoding   

  12  0:00  SCV  
  13  0:12  SCV  
  14  0:16  Supply Depot  
  14  0:24  SCV  
  15  0:38  SCV  
  15  0:40  Barracks  
  16  0:43  Refinery  
  16  0:50  SCV  
  16  0:53  Refinery  
  17  1:02  SCV  
  18  1:14  SCV  
  19  1:28  Orbital Command, Reaper  
  20  1:38  Supply Depot  
  20  1:44  Factory  
  20  1:54  SCV  
  20  2:01  Barracks Tech Lab  
  21  2:06  SCV  
  22  2:18  SCV  
  23  2:25  Command Center  
  23  2:30  SCV  
  23  2:36  Cyclone  
  27  2:44  Starport  
  27  2:45  SCV  
  27  2:50  Supply Depot  
  28  2:52  Barracks Reactor  
  28  2:57  SCV  
  29  3:08  Widow Mine  
  29  3:12  SCV  
  32  3:20  Medivac  
  32  3:24  SCV  
  35  3:29  Marine x2  
  35  3:30  Widow Mine  
  39  3:37  Orbital Command  
  39  3:38  SCV  
  40  3:42  Barracks  
  40  3:46  Marine  
  40  3:47  Marine  
  42  3:51  SCV  
  42  3:52  Supply Depot  
  43  4:02  Factory Tech Lab  
  43  4:03  Banshee  
  43  4:04  Cloaking Field  
  43  4:07  SCV  
  48  4:10  SCV  
  48  4:12  Marine  
  48  4:14  Marine  
  50  4:18  Supply Depot  
  50  4:19  SCV  
  51  4:27  SCV, Siege Tank  
  55  4:32  SCV  
  55  4:33  Marine x2  
  55  4:34  Marine  
  59  4:40  Supply Depot, SCV  
  60  4:45  Banshee  
  60  4:48  SCV  
  60  4:52  SCV  
  65  4:57  Barracks  
  65  4:58  Marine x2  
  67  5:02  Siege Tank  
  67  5:04  SCV x2  
  69  5:08  Marine  
  66  5:16  Refinery, Marine x2, SCV x2  
  66  5:18  Supply Depot  
  66  5:20  Supply Depot  
  69  5:28  SCV x2  
  67  5:37  Marine x2, Siege Tank  
  67  5:40  SCV  
  67  5:41  SCV  
  74  5:47  Engineering Bay  
  74  5:48  Supply Depot  
  74  5:49  Stimpack, Marine  
  75  5:53  Starport Reactor, SCV x2  
  75  5:54  Marine  
  78  6:02  Marine x2  
  79  6:05  SCV x2  
  79  6:08  Marine  
  84  6:15  Terran Infantry Weapons Level 1  
  84  6:17  SCV x2  
  84  6:18  Refinery  
  83  6:20  Factory Reactor  
  82  6:26  Marine x2, Combat Shield  
  82  6:28  Marauder  
  82  6:29  SCV x2  
  82  6:31  Supply Depot  
  82  6:32  Supply Depot  
  88  6:36  Marauder  
  90  6:42  Command Center, Medivac  
  92  6:53  Barracks  
  92  6:54  Barracks, Medivac  
  94  6:58  Widow Mine x2  
  100  7:01  Marauder  
  100  7:03  Marauder  
  100  7:04  Marine  
  100  7:05  Marine  
  104  7:13  Supply Depot  
  104  7:17  Medivac  
  104  7:19  Widow Mine x2  
  110  7:31  Medivac  
  110  7:32  Marauder x2, Marine x2  
  110  7:37  Supply Depot  
  118  7:41  Widow Mine x2  
  120  7:45  Barracks Tech Lab, Barracks Reactor  
  120  7:46  SCV x2  
  120  7:51  Marine x2  
  124  7:57  Marauder  
  126  7:58  Concussive Shells  
  126  8:03  SCV  
  128  8:05  SCV  
  128  8:09  Terran Infantry Armor Level 1  
  128  8:10  Marine x2  
  128  8:11  Marauder x2  
  123  8:18  Widow Mine x2  
  123  8:19  Marauder  
  128  8:21  Marine  
  128  8:24  SCV  
  128  8:26  Marine  
  125  8:28  Orbital Command, Marine x2  
  125  8:32  Marauder x2  
  131  8:35  SCV  
  131  8:36  SCV  
  131  8:40  Marauder, Ghost Academy  
  132  8:41  Medivac x2  
  132  8:44  Widow Mine x2  
  140  8:55  Marauder x2  
  144  8:56  Missile Turret  
  144  8:58  Supply Depot, Marine x2  
  144  8:59  Supply Depot  
  144  9:00  Marine x2  
  148  9:10  Bunker  
  148  9:15  Supply Depot  
  148  9:16  SCV  
  155  9:18  SCV  
  155  9:21  SCV  
  160  9:31  SCV  
  160  9:33  SCV  
  160  9:37  Marine x2  
  148  9:41  Marauder, Unknown  
  148  9:44  Unknown  
  148  9:45  Marauder  
  141  9:46  Widow Mine x2  
  141  9:51  Unknown  
  141  9:52  Armory  
  143  9:53  Command Center  
  143  9:56  Marine  
  143  9:58  Engineering Bay  
  147  10:03  Marauder  
  149  10:08  Barracks  
  149  10:09  Barracks  
  149  10:10  Viking  
  148  10:22  Unknown  
  148  10:25  Marine x2  
  148  10:26  Marauder, Marine x2  
  155  10:35  Viking  
  155  10:37  SCV  
  155  10:39  Refinery  
  155  10:40  Refinery  
  156  10:43  Marine  
  156  10:45  SCV x2  
  156  10:46  Marine  
  156  10:47  Marauder, Marine  
  163  10:54  Marauder, Unknown x2  
  163  10:55  Medivac  
  165  11:09  Barracks Tech Lab x2  
  165  11:10  Marauder  
  165  11:11  Marauder  
  169  11:23  Marauder  
  171  11:26  Widow Mine x2  
  171  11:27  Viking x2, Supply Depot  
  171  11:32  Marauder  
  181  11:40  Refinery  
  181  11:41  Refinery  
  181  11:42  Marauder  
  181  11:44  Marauder  
  183  11:48  Command Center  
  183  11:51  Marine x2  
  189  11:56  SCV  
Show
View Real Time Build Order
Export as new Build Order

Jumy Protoss 

Build Orders: 1 Gate Expand, Blink Stalkers 

Get SALT Encoding   

  12  0:00  Probe  
  13  0:12  Probe  
  14  0:19  Pylon  
  14  0:24  Probe  
  15  0:33  Probe  
  15  0:37  Gateway  
  15  0:41  Probe  
  16  0:47  Assimilator  
  17  0:51  Probe  
  18  1:03  Probe  
  19  1:15  Probe  
  20  1:23  Nexus  
  20  1:35  Cybernetics Core  
  20  1:37  Probe  
  21  1:43  Assimilator  
  21  1:51  Probe  
  21  1:53  Pylon  
  22  2:01  Adept  
  22  2:03  Probe  
  23  2:12  Warp Gate  
  25  2:17  Probe  
  25  2:21  Shield Battery  
  26  2:28  Stalker  
  26  2:29  Probe  
  27  2:35  Probe  
  30  2:41  Probe, Twilight Council  
  30  2:43  Probe  
  30  2:49  Probe  
  32  2:52  Probe  
  32  2:54  Blink  
  34  2:59  Probe  
  34  3:03  Probe  
  36  3:06  Gateway  
  36  3:12  Probe  
  37  3:13  Sentry  
  37  3:15  Probe  
  40  3:24  Probe  
  41  3:28  Gateway  
  41  3:30  Probe  
  42  3:36  Pylon, Probe  
  43  3:41  Gateway  
  43  3:43  Probe  
  45  3:48  Probe  
  45  3:50  Shield Battery  
  45  3:55  Probe  
  46  4:00  Stalker  
  46  4:02  Probe, Stalker  
  51  4:06  Pylon  
  51  4:08  Probe  
  52  4:13  Assimilator  
  52  4:15  Probe  
  53  4:22  Probe  
  54  4:27  Probe  
  50  4:35  Stalker x4  
  58  4:38  Probe  
  58  4:44  Robotics Facility  
  59  4:46  Probe  
  59  4:51  Pylon  
  59  4:52  Probe  
  61  4:58  Probe  
  61  5:11  Nexus  
  61  5:14  Stalker  
  63  5:16  Probe  
  63  5:18  Pylon  
  63  5:19  Probe  
  65  5:24  Templar Archives  
  65  5:28  Assimilator  
  65  5:36  Stalker x3  
  65  5:38  Observer  
  71  5:43  Probe  
  71  5:48  Gateway  
  73  5:51  Probe  
  73  5:52  Gateway  
  74  5:59  Stalker x2  
  74  6:03  Probe  
  72  6:09  Probe  
  72  6:13  High Templar  
  72  6:15  Probe  
  75  6:19  Stalker  
  75  6:20  Probe  
  75  6:22  Gateway, Charge  
  75  6:23  Probe  
  73  6:27  Probe  
  73  6:28  Probe  
  73  6:31  Probe  
  76  6:37  Probe  
  76  6:39  Probe  
  78  6:40  Psionic Storm  
  80  6:48  Gateway  
  80  6:52  Probe  
  80  6:53  Probe  
  81  6:57  Probe  
  82  7:04  Probe  
  82  7:08  High Templar  
  85  7:10  Pylon, Zealot x3  
  85  7:14  Forge  
  91  7:16  Probe x2  
  91  7:19  Immortal  
  91  7:21  Pylon  
  93  7:23  Shield Battery  
  93  7:27  Protoss Ground Armor Level 1  
  93  7:28  Probe  
  98  7:30  High Templar  
  98  7:33  Pylon, Probe  
  101  7:39  Probe  
  102  7:45  Zealot x2  
  102  7:46  Zealot  
  102  7:50  Probe  
  102  7:51  Pylon  
  109  7:54  High Templar  
  109  7:55  Zealot x2  
  109  7:58  Observer, Pylon  
  116  8:08  Zealot x4  
  116  8:12  Probe  
  108  8:14  Stalker  
  108  8:17  Immortal  
  108  8:19  Probe  
  109  8:20  Stalker  
  109  8:21  Stalker  
  109  8:31  Probe x2  
  109  8:32  Probe  
  112  8:37  Zealot x3  
  118  8:43  Probe x2  
  118  8:44  Probe  
  118  8:45  Pylon  
  121  8:54  Nexus  
  121  8:55  Zealot  
  121  8:58  Warp Prism  
  121  9:00  High Templar x2  
  121  9:02  Probe x2  
  129  9:09  Pylon  
  131  9:18  Pylon  
  129  9:24  Zealot x2  
  129  9:27  Pylon, Probe  
  129  9:28  Pylon  
  134  9:32  Probe  
  134  9:35  Probe  
  134  9:36  Zealot x4  
  117  9:41  Probe  
  110  9:48  Probe x2, Robotics Bay  
  110  9:49  Pylon  
  110  9:51  Gateway  
  112  9:53  Gateway, Stalker  
  112  9:54  Probe  
  112  9:55  Pylon  
  112  9:57  High Templar  
  112  9:59  High Templar  
  119  10:00  Probe  
  119  10:04  Archon  
  119  10:05  Zealot x2  
  119  10:06  Zealot  
  126  10:16  Immortal  
  126  10:20  High Templar  
  111  10:21  Probe  
  111  10:25  Probe  
  111  10:26  Probe  
  111  10:27  Zealot x3  
  116  10:31  Probe  
  114  10:36  Stalker x2  
  114  10:39  Probe  
  114  10:40  Probe  
  114  10:41  Colossus  
  114  10:42  Probe  
  121  10:44  Assimilator  
  121  10:47  Probe, Assimilator  
  121  10:48  Zealot x3  
  127  10:54  Probe  
  120  10:58  Probe, Robotics Facility  
  120  11:01  Probe  
  122  11:06  Probe  
  117  11:15  Nexus  
  117  11:16  High Templar  
  117  11:17  High Templar  
  121  11:25  Zealot  
  123  11:32  Stalker x4  
  131  11:34  Observer  
  131  11:36  Probe  
  136  11:51  Robotics Bay, Probe  
  135  11:58  Archon x2  
  135  12:00  Zealot x3  
Tags
 
Add a new tag
Caveats
  • Supply blocks, unpowered buildings, or Contaminate may cause inaccurate times.
  • Supply counts are checked every 10 seconds.